Jets vs Capitals
Created - February 20, 2022 at 21:25
Goals
|
Jets |
0 |
1 |
2 |
0 |
3 |
Capitals |
0 |
3 |
0 |
1 |
4 |
|
Shots
|
Jets |
8 |
11 |
17 |
0 |
36 |
Capitals |
4 |
19 |
10 |
1 |
34 |
|
1st period
No Goal
Penalties :
Johnny Boychuk (Win) for Hooking (Minor) at 0:00
2nd period
1. Capitals , Trevor Daley 1 (Mike Cammalleri 10, Steve Bernier 6) at 8:30
2. Capitals , Mike Cammalleri 4 (Victor Hedman 12, Jason Spezza 19) at 8:53
3. Jets , Erik Haula 3 (Max Domi 11) at 13:40
4. Capitals , William Karlsson 2 (Rick Nash 10, Victor Hedman 13) at 14:51
Penalties :
Adam Henrique (Win) for Holding (Minor) at 5:19
3rd period
5. Jets , Adam Henrique 21 (Ryan Johansen 26, Dougie Hamilton 19) at 4:08
6. Jets , Marcus Johansson 8 (Alexander Wennberg 15, Kyle Okposo 7) at 7:15
Penalties :
No Penalty
Overtime #1
7. Capitals , Alexander Radulov 5 (Blake Pietila 7, Cameron Gaunce 9) at 0:48
Penalties :
No Penalty
Goalie Stats
Michal Neuvirth (Win), 30 saves from 34 shots - (0.882), OTL, 10-11-1, 60:48 minutes
Chet Pickard (Was), 33 saves from 36 shots - (0.917), W, 3-2-1, 60:48 minutes
Players Stats for Jets
Player Name G A P +/- PIM S H SB GA TA FO MP PP MP PK MP
------------------------------------------------------------------------------------
Adam Henrique 1 0 1 0 2 3 3 1 1 2 2/2 20:58 0:00 0:31
Alexander Wennberg 0 1 1 1 0 1 3 0 0 1 6/12 17:30 0:00 0:10
Brent Burns 0 0 0 0 0 4 2 0 1 3 0/0 21:16 0:00 2:04
Dougie Hamilton 0 1 1 -3 0 3 1 0 0 3 0/0 25:00 0:00 2:13
Erik Haula 1 0 1 0 0 4 1 0 0 0 1/8 13:45 0:00 1:55
Jake McCabe 0 0 0 0 0 0 0 4 0 0 0/0 19:55 0:00 0:39
Jason Pominville 0 0 0 -1 0 1 1 0 0 1 0/0 9:26 0:00 1:04
Johnny Boychuk 0 0 0 2 2 0 1 0 0 0 0/0 14:26 0:00 1:17
Jordan Martinook 0 0 0 0 0 0 0 2 1 0 0/1 12:20 0:00 0:29
Kyle Okposo 0 1 1 1 0 2 1 0 1 2 1/1 16:51 0:00 0:00
Marco Scandella 0 0 0 -3 0 3 5 1 0 1 0/0 24:40 0:00 1:45
Marcus Johansson 1 0 1 0 0 4 1 0 1 0 0/0 17:59 0:00 0:51
Max Domi 0 1 1 -1 0 1 0 1 0 0 0/0 11:51 0:00 0:00
Noel Acciari 0 0 0 -1 0 1 0 1 0 0 1/2 9:17 0:00 1:04
Ronalds Kenins 0 0 0 -1 0 0 1 0 1 0 0/0 10:00 0:00 1:54
Ryan Johansen 0 1 1 0 0 4 2 1 1 1 12/28 20:33 0:00 0:00
Travis Sanheim 0 0 0 2 0 0 0 0 0 0 0/0 13:01 0:00 0:00
Viktor Arvidsson 0 0 0 0 0 5 0 0 1 0 2/3 20:24 0:00 0:00
Players Stats for Capitals
Player Name G A P +/- PIM S H SB GA TA FO MP PP MP PK MP
------------------------------------------------------------------------------------
Alexander Radulov 1 0 1 1 0 4 0 0 0 0 1/1 13:35 2:03 0:00
Alexei Marchenko 0 0 0 0 0 0 2 0 0 1 0/0 16:55 0:00 0:00
Blake Pietila 0 1 1 -1 0 3 1 0 1 1 0/1 18:52 1:55 0:00
Brad Richardson 0 0 0 -2 0 2 1 0 2 0 8/15 18:15 1:55 0:00
Cameron Gaunce 0 1 1 0 0 1 0 1 1 0 0/0 18:41 1:42 0:00
Jason Spezza 0 1 1 2 0 2 0 0 3 0 18/30 19:05 2:03 0:00
Mark Stone 0 0 0 -2 0 2 0 0 1 2 0/0 16:39 0:01 0:00
Mike Cammalleri 1 1 2 2 0 5 6 0 0 0 0/0 19:14 2:01 0:00
Nikita Zaitsev 0 0 0 0 0 0 1 2 1 0 0/0 20:13 1:42 0:00
Patrick Sharp 0 0 0 0 0 2 5 0 0 1 0/0 12:33 0:03 0:00
PK Subban 0 0 0 1 0 1 3 1 1 1 0/0 22:49 2:17 0:00
Rick Nash 0 1 1 0 0 1 2 1 1 0 0/0 12:42 0:00 0:00
Samuel Morin 0 0 0 0 0 0 1 0 0 0 0/1 10:44 0:00 0:00
Sean Monahan 0 0 0 0 0 1 0 0 0 0 4/7 11:23 0:01 0:00
Steve Bernier 0 1 1 2 0 4 0 0 1 0 0/0 18:20 1:55 0:00
Trevor Daley 1 0 1 0 0 3 3 1 0 0 0/0 18:29 0:00 0:00
Victor Hedman 0 2 2 1 0 2 1 0 2 1 0/0 23:03 2:17 0:00
William Karlsson 1 0 1 0 0 1 1 0 0 1 1/2 11:40 0:00 0:00
3 Stars
1 - Mike Cammalleri (Was)
2 - Trevor Daley (Was)
3 - Victor Hedman (Was)
Power Play
Jets - 0 on 0 Attempt(s) - 0.00%
Capitals - 0 on 2 Attempt(s) - 0.00%
Penalty Kill
Jets - 2 on 2 Attempt(s) - 100.00%
- Score 0 goal in Penalty Kill
Capitals - 0 on 0 Attempt(s) - 0.00%
- Score 0 goal in Penalty Kill
Team Stat
Jets - Hits : 22 - Faceoff Wins : 25 - Blocked Shots : 11 - Penalty Minutes : 4
Capitals - Hits : 27 - Faceoff Wins : 32 - Blocked Shots : 6 - Penalty Minutes : 0
Official
Referees : Tim Peel and Furman South
Linesman : Brad Kovachik and Kiel Murchison
Game Notes
No Game Note
Finance
Level 1 -- Attendance: 5608 (93.47%) -- Ticket Income $560,800
Level 2 -- Attendance: 5000 (100.00%) -- Ticket Income $300,000
Level 3 -- Attendance: 1938 (96.90%) -- Ticket Income $67,830
Level 4 -- Attendance: 4000 (100.00%) -- Ticket Income $100,000
Luxury Box -- Attendance: 1000 (100.00%) -- Ticket Income $200,000
Game was played at the Capital One Arena.
Total Attendance: 17546 (97.48%)
Total Ticket Income: $1,228,630
Other Income: $184,294
Total Income: $1,412,924
Jets
5 vs 5 Forward
Center Left Wing Right Wing Time % Phy DF OF
1 Ryan Johansen Adam Henrique Viktor Arvidsson 40 1 2 2
2 Alexander Wennberg Marcus Johansson Kyle Okposo 30 1 2 2
3 Erik Haula Jordan Martinook Max Domi 20 1 2 2
4 Noel Acciari Ronalds Kenins Jason Pominville 10 1 2 2
5 vs 5 Defense
Defense Defense Time % Phy DF OF
1 Marco Scandella Dougie Hamilton 40 0 3 2
2 Brent Burns Jake McCabe 35 0 3 2
3 Travis Sanheim Johnny Boychuk 25 0 3 2
4 Travis Sanheim Brent Burns 0 2 2 1
PowerPlay Forward
Center Left Wing Right Wing Time % Phy DF OF
1 Ryan Johansen Adam Henrique Max Domi 60 0 0 5
2 Alexander Wennberg Marcus Johansson Kyle Okposo 40 0 0 5
PowerPlay Defense
Defense Defense Time % Phy DF OF
1 Brent Burns Dougie Hamilton 60 0 1 4
2 Jake McCabe Travis Sanheim 40 0 1 4
Penalty Kill 4 Players Forward
Center Wing Time % Phy DF OF
1 Erik Haula Ronalds Kenins 60 0 3 2
2 Noel Acciari Jason Pominville 40 0 3 2
Penalty Kill 4 Players Defense
Defense Defense Time % Phy DF OF
1 Johnny Boychuk Brent Burns 60 0 3 2
2 Marco Scandella Dougie Hamilton 40 0 3 2
Penalty Kill - 3 Players Forward
Forward Time % Phy DF OF
1 Erik Haula 60 0 4 1
2 Noel Acciari 40 0 4 1
Penalty Kill - 3 Players Defense
Defense Defense Time % Phy DF OF
1 Johnny Boychuk Brent Burns 60 0 5 0
2 Marco Scandella Dougie Hamilton 40 0 5 0
4 vs 4 Forward
Center Wing Time % Phy DF OF
1 Ryan Johansen Viktor Arvidsson 60 1 2 2
2 Alexander Wennberg Adam Henrique 40 1 2 2
4 vs 4 Defense
Defense Defense Time % Phy DF OF
1 Brent Burns Jake McCabe 60 1 2 2
2 Marco Scandella Dougie Hamilton 40 1 2 2
Last Minutes Offensive
Center Left Wing Right Wing Defense Defense
Ryan Johansen Adam Henrique Max Domi Jake McCabe Dougie Hamilton
Last Minutes Defensive
Center Left Wing Right Wing Defense Defense
Erik Haula Ronalds Kenins Jason Pominville Brent Burns Marco Scandella
Goaltenders
Starting : Michal Neuvirth
Backup : Marc-André Fleury
Extra Forwards
Normal : Marcus Johansson, Max Domi, Viktor Arvidsson - PP : Marcus Johansson, Erik Haula - PK : Marcus Johansson
Extra Defensemen
Normal : Dougie Hamilton, Jake McCabe, Johnny Boychuk - PP : Dougie Hamilton - PK : Dougie Hamilton, Jake McCabe
Penalty Shots
Marcus Johansson, Adam Henrique, Ryan Johansen, Erik Haula, Jason Pominville
Scratches
Tyler Myers (Right Hand Injury)
Capitals
5 vs 5 Forward
Center Left Wing Right Wing Time % Phy DF OF
1 Jason Spezza Mike Cammalleri Steve Bernier 35 0 1 4
2 Brad Richardson Blake Pietila Mark Stone 25 0 2 3
3 Sean Monahan Samuel Morin Alexander Radulov 20 0 2 3
4 William Karlsson Patrick Sharp Rick Nash 20 0 3 2
5 vs 5 Defense
Defense Defense Time % Phy DF OF
1 Victor Hedman PK Subban 35 0 3 2
2 Alexei Marchenko Cameron Gaunce 30 0 4 1
3 Trevor Daley Nikita Zaitsev 30 0 4 1
4 Victor Hedman PK Subban 5 0 3 2
PowerPlay Forward
Center Left Wing Right Wing Time % Phy DF OF
1 Jason Spezza Mike Cammalleri Alexander Radulov 60 0 1 4
2 Brad Richardson Blake Pietila Steve Bernier 40 0 1 4
PowerPlay Defense
Defense Defense Time % Phy DF OF
1 PK Subban Victor Hedman 60 0 2 3
2 Cameron Gaunce Nikita Zaitsev 40 0 2 3
Penalty Kill 4 Players Forward
Center Wing Time % Phy DF OF
1 Jason Spezza Samuel Morin 60 0 4 1
2 Sean Monahan Mike Cammalleri 40 0 4 1
Penalty Kill 4 Players Defense
Defense Defense Time % Phy DF OF
1 PK Subban Alexei Marchenko 60 0 4 1
2 Victor Hedman Nikita Zaitsev 40 0 4 1
Penalty Kill - 3 Players Forward
Forward Time % Phy DF OF
1 Jason Spezza 60 0 5 0
2 Sean Monahan 40 0 5 0
Penalty Kill - 3 Players Defense
Defense Defense Time % Phy DF OF
1 PK Subban Alexei Marchenko 60 0 5 0
2 Victor Hedman Nikita Zaitsev 40 0 5 0
4 vs 4 Forward
Center Wing Time % Phy DF OF
1 Jason Spezza Mike Cammalleri 60 0 2 3
2 Sean Monahan Alexander Radulov 40 0 2 3
4 vs 4 Defense
Defense Defense Time % Phy DF OF
1 PK Subban Victor Hedman 60 0 2 3
2 Cameron Gaunce Alexei Marchenko 40 0 2 3
Last Minutes Offensive
Center Left Wing Right Wing Defense Defense
Jason Spezza Mike Cammalleri Mark Stone PK Subban Victor Hedman
Last Minutes Defensive
Center Left Wing Right Wing Defense Defense
Jason Spezza Samuel Morin Rick Nash PK Subban Victor Hedman
Goaltenders
Starting : Chet Pickard
Backup : Cory Schneider
Extra Forwards
Normal : Jason Spezza, Mike Cammalleri, Alexander Radulov - PP : Jason Spezza, Mike Cammalleri - PK : Jason Spezza
Extra Defensemen
Normal : PK Subban, Victor Hedman, Alexei Marchenko - PP : PK Subban - PK : Victor Hedman, PK Subban
Penalty Shots
Jason Spezza, Mike Cammalleri, Mark Stone, Patrick Sharp, Victor Hedman
Scratches
Antoine Vermette (Healthy), Jared Spurgeon (Healthy), Kevin Connauton (Healthy), T.J. Oshie (Healthy)
% Time on Ice - Jets
Lines # - Real PCT - Wanted PCT - Time Play
Normal Forward
1 - 36% - 40% - 19:57
2 - 33% - 30% - 18:23
3 - 18% - 20% - 10:15
4 - 13% - 10% - 7:26
Normal Defense
1 - 41% - 40% - 22:55
2 - 34% - 35% - 18:59
3 - 25% - 25% - 13:49
4 - 1% - 0% - 0:18
PP Forward
1 - 0% - 60%
2 - 0% - 40%
PP Defense
1 - 0% - 60%
2 - 0% - 40%
PK Forward
1 - 73% - 60% - 2:55
2 - 27% - 40% - 1:04
PK Defense
1 - 56% - 60% - 2:14
2 - 44% - 40% - 1:45
PK3 Forward
1 - 0% - 60%
2 - 0% - 40%
PK3 Defense
1 - 0% - 60%
2 - 0% - 40%
44 Forward
1 - 100% - 60% - 0:48
2 - 0% - 40% - 0:00
44 Defense
1 - 67% - 60% - 0:32
2 - 33% - 40% - 0:16
Last Minute Offensive - 0:00
Last Minute Defensive - 0:00
Total
Forward - 60:48
Defense - 60:48
|
% Time on Ice - Capitals
Lines # - Real PCT - Wanted PCT - Time Play
Normal Forward
1 - 31% - 35% - 17:20
2 - 29% - 25% - 16:23
3 - 19% - 20% - 10:38
4 - 21% - 20% - 11:40
Normal Defense
1 - 35% - 35% - 19:26
2 - 31% - 30% - 17:09
3 - 32% - 30% - 17:56
4 - 3% - 5% - 1:30
PP Forward
1 - 52% - 60% - 2:04
2 - 48% - 40% - 1:55
PP Defense
1 - 57% - 60% - 2:17
2 - 43% - 40% - 1:42
PK Forward
1 - 0% - 60%
2 - 0% - 40%
PK Defense
1 - 0% - 60%
2 - 0% - 40%
PK3 Forward
1 - 0% - 60%
2 - 0% - 40%
PK3 Defense
1 - 0% - 60%
2 - 0% - 40%
44 Forward
1 - 100% - 60% - 0:48
2 - 0% - 40% - 0:00
44 Defense
1 - 56% - 60% - 0:27
2 - 44% - 40% - 0:21
Last Minute Offensive - 0:00
Last Minute Defensive - 0:00
Total
Forward - 60:48
Defense - 60:48
|
Play-by-Play
1st period
0:01 of 1st period - Ryan Johansen wins face-off versus Jason Spezza in neutral zone.
0:04 of 1st period - Jason Spezza is hit by Ryan Johansen and loses puck.
0:55 of 1st period - Slapshot by Max Domi.
0:55 of 1st period - Shot Misses the Net.
0:57 of 1st period - Snap shot by Erik Haula.
0:57 of 1st period - Shot Misses the Net.
1:41 of 1st period - Slapshot by Steve Bernier.
1:41 of 1st period - Stopped by Michal Neuvirth without a rebound.
1:42 of 1st period - Jason Spezza wins face-off versus Alexander Wennberg in Jets zone.
2:22 of 1st period - Slapshot by Brent Burns.
2:22 of 1st period - Stopped by Chet Pickard with a rebound.
2:24 of 1st period - Wrist shot by Jake McCabe.
2:24 of 1st period - Deflect By Kyle Okposo.
2:24 of 1st period - Stopped by Chet Pickard with a rebound.
2:26 of 1st period - Snap shot by Marcus Johansson.
2:26 of 1st period - Deflect By Alexander Wennberg.
2:26 of 1st period - Shot Misses the Net.
2:26 of 1st period - Puck is out of play.
2:27 of 1st period - Ryan Johansen wins face-off versus Brad Richardson in Capitals zone.
2:35 of 1st period - Slapshot by Mark Stone.
2:35 of 1st period - Stopped by Michal Neuvirth without a rebound.
2:36 of 1st period - Ryan Johansen wins face-off versus Blake Pietila in Jets zone.
2:54 of 1st period - Blake Pietila is hit by Marco Scandella and loses puck.
3:10 of 1st period - Icing by Adam Henrique.
3:11 of 1st period - Ryan Johansen wins face-off versus Samuel Morin in Jets zone.
3:53 of 1st period - Nikita Zaitsev is hit by Adam Henrique and loses puck.
4:26 of 1st period - Slapshot by Ryan Johansen.
4:26 of 1st period - Shot Misses the Net.
5:55 of 1st period - Adam Henrique is hit by Trevor Daley and loses puck.
6:26 of 1st period - Marco Scandella is hit by Patrick Sharp and loses puck.
6:39 of 1st period - Slapshot by Viktor Arvidsson.
6:39 of 1st period - Shot Blocked by Trevor Daley.
6:41 of 1st period - Slapshot by Dougie Hamilton.
6:41 of 1st period - Deflect By Viktor Arvidsson.
6:41 of 1st period - Stopped by Chet Pickard with a rebound.
6:43 of 1st period - Slapshot by Marco Scandella.
6:43 of 1st period - Stopped by Chet Pickard without a rebound.
6:44 of 1st period - Jason Spezza wins face-off versus Erik Haula in Capitals zone.
7:11 of 1st period - Marcus Johansson is hit by PK Subban and loses puck.
7:16 of 1st period - Wrist shot by Alexander Radulov.
7:16 of 1st period - Shot Misses the Net.
7:54 of 1st period - Steve Bernier is hit by Erik Haula and loses puck.
12:34 of 1st period - Alexander Radulov is hit by Kyle Okposo and loses puck.
13:06 of 1st period - Icing by Jordan Martinook.
13:07 of 1st period - Kyle Okposo wins face-off versus Sean Monahan in Jets zone.
14:59 of 1st period - Jason Pominville is hit by Blake Pietila and loses puck.
15:59 of 1st period - Marcus Johansson is hit by William Karlsson and loses puck.
16:04 of 1st period - Snap shot by Patrick Sharp.
16:04 of 1st period - Shot Misses the Net.
16:10 of 1st period - Marcus Johansson is hit by Patrick Sharp.
16:22 of 1st period - Noel Acciari is hit by Mike Cammalleri and loses puck.
16:44 of 1st period - Alexander Radulov is hit by Alexander Wennberg and loses puck.
16:55 of 1st period - Max Domi is hit by Mike Cammalleri and loses puck.
17:44 of 1st period - Brent Burns is hit by Mike Cammalleri and loses puck.
18:04 of 1st period - Off-side.
18:05 of 1st period - Alexander Wennberg wins face-off versus Brad Richardson in neutral zone.
18:13 of 1st period - Nikita Zaitsev is hit by Marco Scandella and loses puck.
18:30 of 1st period - Snap shot by Alexander Radulov.
18:30 of 1st period - Deflect By Samuel Morin.
18:30 of 1st period - Shot Blocked by Marco Scandella.
18:30 of 1st period - Puck is out of play.
18:31 of 1st period - Sean Monahan wins face-off versus Jordan Martinook in Jets zone.
18:48 of 1st period - Snap shot by Brent Burns.
18:48 of 1st period - Stopped by Chet Pickard without a rebound.
18:49 of 1st period - Ryan Johansen wins face-off versus Jason Spezza in Capitals zone.
18:58 of 1st period - Snap shot by Ryan Johansen.
18:58 of 1st period - Shot Misses the Net.
19:00 of 1st period - Snap shot by Brent Burns.
19:00 of 1st period - Deflect By Steve Bernier.
19:00 of 1st period - Stopped by Chet Pickard with a rebound.
19:02 of 1st period - Slapshot by Brent Burns.
19:02 of 1st period - Stopped by Chet Pickard with a rebound.
19:04 of 1st period - Slapshot by Adam Henrique.
19:04 of 1st period - Stopped by Chet Pickard without a rebound.
19:05 of 1st period - Alexander Wennberg wins face-off versus Brad Richardson in Capitals zone.
19:16 of 1st period - Slapshot by Victor Hedman.
19:16 of 1st period - Stopped by Michal Neuvirth with a rebound.
19:18 of 1st period - Snap shot by Blake Pietila.
19:18 of 1st period - Stopped by Michal Neuvirth with a rebound.
19:37 of 1st period - Adam Henrique is hit by Alexei Marchenko and loses puck.
Goals for this period are 0 for Jets vs 0 for Capitals.
Shots for this period are 8 for Jets vs 4 for Capitals.
0:00 of 2nd period - Minor Penalty to Johnny Boychuk for Hooking.
Goals for this period are 0 for Jets vs 0 for Capitals.
Shots for this period are 8 for Jets vs 4 for Capitals.
2nd period
0:01 of 2nd period - Alexander Radulov wins face-off versus Erik Haula in neutral zone.
2:00 of 2nd period - Penalty to Johnny Boychuk is over, Johnny Boychuk is back on ice.
2:25 of 2nd period - Marcus Johansson is hit by Rick Nash and loses puck.
2:49 of 2nd period - Snap shot by Sean Monahan.
2:49 of 2nd period - Shot Blocked by Jordan Martinook.
2:51 of 2nd period - Slapshot by Nikita Zaitsev.
2:51 of 2nd period - Deflect By Sean Monahan.
2:51 of 2nd period - Shot Blocked by Jordan Martinook.
2:51 of 2nd period - Puck is out of play.
2:52 of 2nd period - Ryan Johansen wins face-off versus Sean Monahan in Jets zone.
4:41 of 2nd period - Mark Stone is hit by Marcus Johansson and loses puck.
5:19 of 2nd period - Minor Penalty to Adam Henrique for Holding.
5:20 of 2nd period - Jason Spezza wins face-off versus Erik Haula in Jets zone.
5:52 of 2nd period - Backhand shot by Cameron Gaunce.
5:52 of 2nd period - Stopped by Michal Neuvirth with a rebound.
6:37 of 2nd period - PK Subban is hit by Brent Burns and loses puck.
7:19 of 2nd period - Penalty to Adam Henrique is over, Adam Henrique is back on ice.
7:36 of 2nd period - Wrist shot by Viktor Arvidsson.
7:36 of 2nd period - Stopped by Chet Pickard with a rebound.
7:55 of 2nd period - Alexander Wennberg is hit by Rick Nash and loses puck.
8:08 of 2nd period - Wrist shot by Patrick Sharp.
8:08 of 2nd period - Stopped by Michal Neuvirth without a rebound.
8:09 of 2nd period - Sean Monahan wins face-off versus Ryan Johansen in Jets zone.
8:24 of 2nd period - Snap shot by Alexander Radulov.
8:24 of 2nd period - Stopped by Michal Neuvirth without a rebound.
8:25 of 2nd period - Jason Spezza wins face-off versus Erik Haula in Jets zone.
8:26 of 2nd period - Snap shot by Steve Bernier.
8:26 of 2nd period - Shot Misses the Net.
8:28 of 2nd period - Wrist shot by Mike Cammalleri.
8:28 of 2nd period - Stopped by Michal Neuvirth with a rebound.
8:30 of 2nd period - Wrist shot by Trevor Daley.
8:30 of 2nd period - Goal by Trevor Daley - Jets : 0 - Capitals : 1.
8:31 of 2nd period - Jason Spezza wins face-off versus Ryan Johansen in neutral zone.
8:37 of 2nd period - Off-side.
8:38 of 2nd period - Jason Spezza wins face-off versus Ryan Johansen in neutral zone.
8:51 of 2nd period - Slapshot by Victor Hedman.
8:51 of 2nd period - Shot Blocked by Adam Henrique.
8:53 of 2nd period - Slapshot by Mike Cammalleri.
8:53 of 2nd period - Goal by Mike Cammalleri - Jets : 0 - Capitals : 2.
8:54 of 2nd period - Ryan Johansen wins face-off versus Jason Spezza in neutral zone.
8:57 of 2nd period - Wrist shot by Marco Scandella.
8:57 of 2nd period - Stopped by Chet Pickard without a rebound.
8:58 of 2nd period - Viktor Arvidsson wins face-off versus Jason Spezza in Capitals zone.
8:59 of 2nd period - Slapshot by Dougie Hamilton.
8:59 of 2nd period - Deflect By PK Subban.
8:59 of 2nd period - Stopped by Chet Pickard without a rebound.
9:00 of 2nd period - Ryan Johansen wins face-off versus Jason Spezza in Capitals zone.
9:03 of 2nd period - Backhand shot by Viktor Arvidsson.
9:03 of 2nd period - Stopped by Chet Pickard without a rebound.
9:04 of 2nd period - Jason Spezza wins face-off versus Ryan Johansen in Capitals zone.
9:23 of 2nd period - Slapshot by Viktor Arvidsson.
9:23 of 2nd period - Stopped by Chet Pickard with a rebound.
9:25 of 2nd period - Wrist shot by Dougie Hamilton.
9:25 of 2nd period - Shot Hit the Post.
9:45 of 2nd period - Slapshot by Ryan Johansen.
9:45 of 2nd period - Stopped by Chet Pickard without a rebound.
9:46 of 2nd period - Brad Richardson wins face-off versus Alexander Wennberg in Capitals zone.
10:23 of 2nd period - Slapshot by Alexander Radulov.
10:23 of 2nd period - Stopped by Michal Neuvirth with a rebound.
10:35 of 2nd period - Cameron Gaunce is hit by Ronalds Kenins and loses puck.
10:42 of 2nd period - Wrist shot by Rick Nash.
10:42 of 2nd period - Shot Misses the Net.
10:44 of 2nd period - Snap shot by Patrick Sharp.
10:44 of 2nd period - Shot Blocked by Jake McCabe.
10:46 of 2nd period - Snap shot by Patrick Sharp.
10:46 of 2nd period - Stopped by Michal Neuvirth with a rebound.
11:21 of 2nd period - Wrist shot by Jason Spezza.
11:21 of 2nd period - Shot Misses the Net.
11:23 of 2nd period - Snap shot by Mike Cammalleri.
11:23 of 2nd period - Stopped by Michal Neuvirth without a rebound.
11:24 of 2nd period - Alexander Wennberg wins face-off versus Jason Spezza in Jets zone.
11:51 of 2nd period - Travis Sanheim is hit by Victor Hedman and loses puck.
11:58 of 2nd period - Snap shot by Brad Richardson.
11:58 of 2nd period - Shot Blocked by Ryan Johansen.
12:38 of 2nd period - Slapshot by Cameron Gaunce.
12:38 of 2nd period - Shot Blocked by Noel Acciari.
13:06 of 2nd period - Victor Hedman is hit by Alexander Wennberg and loses puck.
13:19 of 2nd period - Victor Hedman is hit by Adam Henrique and loses puck.
13:30 of 2nd period - Slapshot by Mike Cammalleri.
13:30 of 2nd period - Stopped by Michal Neuvirth without a rebound.
13:31 of 2nd period - Brad Richardson wins face-off versus Erik Haula in Jets zone.
13:40 of 2nd period - Wrist shot by Erik Haula.
13:40 of 2nd period - Goal by Erik Haula - Jets : 1 - Capitals : 2.
13:41 of 2nd period - Adam Henrique wins face-off versus Brad Richardson in neutral zone.
13:46 of 2nd period - Mark Stone is hit by Marco Scandella and loses puck.
14:08 of 2nd period - Trevor Daley is hit by Marco Scandella and loses puck.
14:15 of 2nd period - Wrist shot by Steve Bernier.
14:15 of 2nd period - Shot Misses the Net.
14:17 of 2nd period - Wrist shot by Jason Spezza.
14:17 of 2nd period - Shot Misses the Net.
14:41 of 2nd period - Wrist shot by Erik Haula.
14:41 of 2nd period - Stopped by Chet Pickard with a rebound.
14:51 of 2nd period - Wrist shot by William Karlsson.
14:51 of 2nd period - Goal by William Karlsson - Jets : 1 - Capitals : 3.
14:52 of 2nd period - Jason Spezza wins face-off versus Ryan Johansen in neutral zone.
14:57 of 2nd period - Snap shot by Steve Bernier.
14:57 of 2nd period - Deflect By Jason Spezza.
14:57 of 2nd period - Shot Misses the Net.
14:57 of 2nd period - Puck is out of play.
14:58 of 2nd period - Jason Spezza wins face-off versus Ryan Johansen in Jets zone.
15:03 of 2nd period - Backhand shot by Mike Cammalleri.
15:03 of 2nd period - Shot Blocked by Jake McCabe.
15:31 of 2nd period - Wrist shot by Blake Pietila.
15:31 of 2nd period - Stopped by Michal Neuvirth with a rebound.
15:33 of 2nd period - Slapshot by Alexei Marchenko.
15:33 of 2nd period - Shot Misses the Net.
15:59 of 2nd period - Slapshot by Max Domi.
15:59 of 2nd period - Stopped by Chet Pickard without a rebound.
16:00 of 2nd period - Brad Richardson wins face-off versus Ryan Johansen in Capitals zone.
16:11 of 2nd period - Snap shot by Mark Stone.
16:11 of 2nd period - Stopped by Michal Neuvirth without a rebound.
16:12 of 2nd period - Jason Spezza wins face-off versus Ryan Johansen in Jets zone.
16:15 of 2nd period - Wrist shot by Jason Spezza.
16:15 of 2nd period - Stopped by Michal Neuvirth without a rebound.
16:16 of 2nd period - Adam Henrique wins face-off versus Jason Spezza in Jets zone.
17:14 of 2nd period - Slapshot by Dougie Hamilton.
17:14 of 2nd period - Stopped by Chet Pickard without a rebound.
17:15 of 2nd period - Jason Spezza wins face-off versus Ryan Johansen in Capitals zone.
17:26 of 2nd period - Wrist shot by Steve Bernier.
17:26 of 2nd period - Stopped by Michal Neuvirth with a rebound.
17:45 of 2nd period - Slapshot by Trevor Daley.
17:45 of 2nd period - Shot Misses the Net.
18:10 of 2nd period - Snap shot by Alexander Radulov.
18:10 of 2nd period - Stopped by Michal Neuvirth without a rebound.
18:11 of 2nd period - Jason Spezza wins face-off versus Ryan Johansen in Jets zone.
18:18 of 2nd period - Slapshot by Steve Bernier.
18:18 of 2nd period - Stopped by Michal Neuvirth without a rebound.
18:19 of 2nd period - Jason Spezza wins face-off versus Ryan Johansen in Jets zone.
18:32 of 2nd period - Steve Bernier is hit by Dougie Hamilton and loses puck.
18:56 of 2nd period - Snap shot by Steve Bernier.
18:56 of 2nd period - Shot Misses the Net.
18:58 of 2nd period - Slapshot by Victor Hedman.
18:58 of 2nd period - Deflect By Jason Spezza.
18:58 of 2nd period - Stopped by Michal Neuvirth with a rebound.
19:00 of 2nd period - Snap shot by Steve Bernier.
19:00 of 2nd period - Stopped by Michal Neuvirth without a rebound.
19:01 of 2nd period - Brad Richardson wins face-off versus Alexander Wennberg in Jets zone.
19:32 of 2nd period - Wrist shot by Erik Haula.
19:32 of 2nd period - Deflect By Rick Nash.
19:32 of 2nd period - Stopped by Chet Pickard with a rebound.
19:58 of 2nd period - Slapshot by Alexander Radulov.
19:58 of 2nd period - Shot Misses the Net.
Goals for this period are 1 for Jets vs 3 for Capitals.
Shots for this period are 11 for Jets vs 19 for Capitals.
3rd period
0:01 of 3rd period - Brad Richardson wins face-off versus Ryan Johansen in neutral zone.
0:32 of 3rd period - Slapshot by Dougie Hamilton.
0:32 of 3rd period - Shot Misses the Net.
0:34 of 3rd period - Slapshot by Marco Scandella.
0:34 of 3rd period - Stopped by Chet Pickard with a rebound.
0:36 of 3rd period - Slapshot by Dougie Hamilton.
0:36 of 3rd period - Shot Misses the Net.
0:38 of 3rd period - Snap shot by Alexander Wennberg.
0:38 of 3rd period - Stopped by Chet Pickard without a rebound.
0:39 of 3rd period - Brad Richardson wins face-off versus Ryan Johansen in Capitals zone.
0:44 of 3rd period - Snap shot by Trevor Daley.
0:44 of 3rd period - Stopped by Michal Neuvirth with a rebound.
1:00 of 3rd period - Trevor Daley is hit by Adam Henrique and loses puck.
1:58 of 3rd period - Alexander Radulov is hit by Marco Scandella and loses puck.
2:25 of 3rd period - Off-side.
2:26 of 3rd period - Jason Spezza wins face-off versus Noel Acciari in neutral zone.
2:40 of 3rd period - Slapshot by Alexei Marchenko.
2:40 of 3rd period - Shot Blocked by Jake McCabe.
2:50 of 3rd period - Blake Pietila is hit by Jason Pominville and loses puck.
3:15 of 3rd period - Icing by Victor Hedman.
3:16 of 3rd period - William Karlsson wins face-off versus Ryan Johansen in Capitals zone.
3:35 of 3rd period - Victor Hedman is hit by Ryan Johansen and loses puck.
3:52 of 3rd period - Slapshot by PK Subban.
3:52 of 3rd period - Deflect By Ryan Johansen.
3:52 of 3rd period - Stopped by Michal Neuvirth with a rebound.
4:04 of 3rd period - Wrist shot by Ryan Johansen.
4:04 of 3rd period - Shot Blocked by PK Subban.
4:06 of 3rd period - Wrist shot by Ryan Johansen.
4:06 of 3rd period - Shot Blocked by Rick Nash.
4:08 of 3rd period - Snap shot by Adam Henrique.
4:08 of 3rd period - Goal by Adam Henrique - Jets : 2 - Capitals : 3.
4:09 of 3rd period - Jason Spezza wins face-off versus Alexander Wennberg in neutral zone.
4:14 of 3rd period - Kyle Okposo is hit by Trevor Daley and loses puck.
4:58 of 3rd period - Ronalds Kenins is hit by Patrick Sharp and loses puck.
5:05 of 3rd period - Slapshot by Rick Nash.
5:05 of 3rd period - Stopped by Michal Neuvirth with a rebound.
5:12 of 3rd period - Icing by Marco Scandella.
5:13 of 3rd period - Ryan Johansen wins face-off versus Sean Monahan in Jets zone.
5:20 of 3rd period - Wrist shot by Ryan Johansen.
5:20 of 3rd period - Stopped by Chet Pickard without a rebound.
5:21 of 3rd period - Viktor Arvidsson wins face-off versus Jason Spezza in Capitals zone.
5:22 of 3rd period - Snap shot by Ryan Johansen.
5:22 of 3rd period - Deflect By Nikita Zaitsev.
5:22 of 3rd period - Stopped by Chet Pickard without a rebound.
5:23 of 3rd period - Ryan Johansen wins face-off versus Jason Spezza in Capitals zone.
5:24 of 3rd period - Snap shot by Adam Henrique.
5:24 of 3rd period - Stopped by Chet Pickard with a rebound.
5:34 of 3rd period - Wrist shot by Ryan Johansen.
5:34 of 3rd period - Stopped by Chet Pickard with a rebound.
5:44 of 3rd period - Dougie Hamilton is hit by Nikita Zaitsev.
6:00 of 3rd period - Snap shot by Blake Pietila.
6:00 of 3rd period - Stopped by Michal Neuvirth without a rebound.
6:01 of 3rd period - Alexander Wennberg wins face-off versus Brad Richardson in Jets zone.
6:19 of 3rd period - Wrist shot by Brad Richardson.
6:19 of 3rd period - Stopped by Michal Neuvirth with a rebound.
7:13 of 3rd period - Wrist shot by Marcus Johansson.
7:13 of 3rd period - Stopped by Chet Pickard with a rebound.
7:15 of 3rd period - Slapshot by Marcus Johansson.
7:15 of 3rd period - Goal by Marcus Johansson - Jets : 3 - Capitals : 3.
7:16 of 3rd period - Jason Spezza wins face-off versus Viktor Arvidsson in neutral zone.
7:19 of 3rd period - Travis Sanheim is hit by Mike Cammalleri and loses puck.
7:42 of 3rd period - Max Domi is hit by Samuel Morin and loses puck.
8:09 of 3rd period - Ronalds Kenins is hit by Patrick Sharp and loses puck.
8:36 of 3rd period - Viktor Arvidsson is hit by Mike Cammalleri and loses puck.
9:04 of 3rd period - Marcus Johansson is hit by Brad Richardson and loses puck.
9:20 of 3rd period - Off-side.
9:21 of 3rd period - Noel Acciari wins face-off versus William Karlsson in neutral zone.
9:34 of 3rd period - Wrist shot by Jason Pominville.
9:34 of 3rd period - Stopped by Chet Pickard with a rebound.
9:36 of 3rd period - Snap shot by Jason Pominville.
9:36 of 3rd period - Deflect By Noel Acciari.
9:36 of 3rd period - Stopped by Chet Pickard with a rebound.
9:48 of 3rd period - Adam Henrique is hit by Mike Cammalleri and loses puck.
10:09 of 3rd period - Snap shot by Jordan Martinook.
10:09 of 3rd period - Shot Misses the Net.
10:11 of 3rd period - Snap shot by Erik Haula.
10:11 of 3rd period - Stopped by Chet Pickard with a rebound.
10:31 of 3rd period - Jake McCabe is hit by PK Subban and loses puck.
10:38 of 3rd period - Snap shot by Samuel Morin.
10:38 of 3rd period - Shot Misses the Net.
10:40 of 3rd period - Slapshot by Victor Hedman.
10:40 of 3rd period - Deflect By Sean Monahan.
10:40 of 3rd period - Stopped by Michal Neuvirth with a rebound.
10:42 of 3rd period - Snap shot by Sean Monahan.
10:42 of 3rd period - Deflect By Alexander Radulov.
10:42 of 3rd period - Shot Blocked by Jake McCabe.
10:42 of 3rd period - Puck is out of play.
10:43 of 3rd period - Ryan Johansen wins face-off versus Jason Spezza in Jets zone.
10:58 of 3rd period - Snap shot by Viktor Arvidsson.
10:58 of 3rd period - Deflect By Ryan Johansen.
10:58 of 3rd period - Shot Misses the Net.
10:58 of 3rd period - Puck is out of play.
10:59 of 3rd period - Brad Richardson wins face-off versus Alexander Wennberg in Capitals zone.
10:59 of 3rd period - Brad Richardson is hit by Alexander Wennberg.
11:07 of 3rd period - Snap shot by Victor Hedman.
11:07 of 3rd period - Stopped by Michal Neuvirth without a rebound.
11:08 of 3rd period - Brad Richardson wins face-off versus Alexander Wennberg in Jets zone.
11:27 of 3rd period - Snap shot by Kyle Okposo.
11:27 of 3rd period - Shot Misses the Net.
11:29 of 3rd period - Snap shot by Marcus Johansson.
11:29 of 3rd period - Stopped by Chet Pickard with a rebound.
11:35 of 3rd period - Snap shot by Marcus Johansson.
11:35 of 3rd period - Stopped by Chet Pickard with a rebound.
11:37 of 3rd period - Snap shot by Alexander Wennberg.
11:37 of 3rd period - Shot Misses the Net.
11:43 of 3rd period - Wrist shot by Marcus Johansson.
11:43 of 3rd period - Shot Misses the Net.
11:45 of 3rd period - Slapshot by Kyle Okposo.
11:45 of 3rd period - Stopped by Chet Pickard without a rebound.
11:46 of 3rd period - Jason Spezza wins face-off versus Ryan Johansen in Capitals zone.
12:24 of 3rd period - Alexei Marchenko is hit by Johnny Boychuk and loses puck.
12:35 of 3rd period - Snap shot by Adam Henrique.
12:35 of 3rd period - Shot Misses the Net.
12:37 of 3rd period - Wrist shot by Dougie Hamilton.
12:37 of 3rd period - Shot Misses the Net.
12:39 of 3rd period - Wrist shot by Marco Scandella.
12:39 of 3rd period - Shot Misses the Net.
12:41 of 3rd period - Snap shot by Ryan Johansen.
12:41 of 3rd period - Shot Blocked by Cameron Gaunce.
12:55 of 3rd period - Wrist shot by Ryan Johansen.
12:55 of 3rd period - Shot Misses the Net.
12:59 of 3rd period - Snap shot by Viktor Arvidsson.
12:59 of 3rd period - Stopped by Chet Pickard without a rebound.
13:00 of 3rd period - Erik Haula wins face-off versus Jason Spezza in Capitals zone.
13:01 of 3rd period - Wrist shot by Jordan Martinook.
13:01 of 3rd period - Shot Blocked by Nikita Zaitsev.
13:07 of 3rd period - Slapshot by Max Domi.
13:07 of 3rd period - Shot Hit the Post.
13:15 of 3rd period - Slapshot by Mike Cammalleri.
13:15 of 3rd period - Stopped by Michal Neuvirth without a rebound.
13:16 of 3rd period - Alexander Wennberg wins face-off versus Brad Richardson in Jets zone.
13:33 of 3rd period - Off-side.
13:34 of 3rd period - Jason Spezza wins face-off versus Erik Haula in neutral zone.
13:50 of 3rd period - Off-side.
13:51 of 3rd period - Sean Monahan wins face-off versus Ryan Johansen in neutral zone.
13:53 of 3rd period - PK Subban is hit by Brent Burns and loses puck.
14:22 of 3rd period - Snap shot by Brad Richardson.
14:22 of 3rd period - Stopped by Michal Neuvirth with a rebound.
14:24 of 3rd period - Slapshot by Trevor Daley.
14:24 of 3rd period - Stopped by Michal Neuvirth with a rebound.
14:26 of 3rd period - Slapshot by Trevor Daley.
14:26 of 3rd period - Deflect By Mark Stone.
14:26 of 3rd period - Shot Misses the Net.
14:26 of 3rd period - Puck is out of play.
14:27 of 3rd period - Alexander Wennberg wins face-off versus Brad Richardson in Jets zone.
16:59 of 3rd period - Alexander Wennberg is hit by Trevor Daley and loses puck.
17:08 of 3rd period - Wrist shot by Kyle Okposo.
17:08 of 3rd period - Shot Blocked by Nikita Zaitsev.
17:10 of 3rd period - Snap shot by Dougie Hamilton.
17:10 of 3rd period - Deflect By Mark Stone.
17:10 of 3rd period - Stopped by Chet Pickard without a rebound.
17:11 of 3rd period - Sean Monahan wins face-off versus Erik Haula in Capitals zone.
17:38 of 3rd period - Travis Sanheim is hit by Patrick Sharp and loses puck.
18:47 of 3rd period - Jake McCabe is hit by Alexei Marchenko and loses puck.
19:21 of 3rd period - Erik Haula is hit by PK Subban and loses puck.
Goals for this period are 2 for Jets vs 0 for Capitals.
Shots for this period are 17 for Jets vs 10 for Capitals.
Overtime #1
0:01 of 1st overtime period - Ryan Johansen wins face-off versus Jason Spezza in neutral zone.
0:44 of 1st overtime period - Slapshot by Alexander Radulov.
0:44 of 1st overtime period - Shot Blocked by Max Domi.
0:48 of 1st overtime period - Wrist shot by Alexander Radulov.
0:48 of 1st overtime period - Goal by Alexander Radulov - Jets : 3 - Capitals : 4.
Goals for this period are 0 for Jets vs 1 for Capitals.
Shots for this period are 0 for Jets vs 1 for Capitals.